 Dungeon Crawl Stone Soup version 0.23-a0-629-gae4348f (webtiles) character file.

427299 kiwi3s the Slayer (level 22, -9/315 (319) HPs)
             Began as a Minotaur Berserker on Dec 21, 2018.
             Was the Champion of Trog.
             Mangled by a mummy priest (16 damage)
             ... on level 1 of the Tomb of the Ancients on Dec 26, 2018.
             The game lasted 02:00:58 (42901 turns).

kiwi3s the Slayer (Minotaur Berserker)             Turns: 42901, Time: 02:00:58

HP:   -9/315 (319)  AC: 28    Str: 40    XL:     22   Next: 77%
MP:   21/21         EV: 28    Int:  4    God:    Trog [******]
Gold: 4423          SH: 22    Dex: 14    Spells: 21/21 levels left

rFire    . . .     SeeInvis +   K - +2 war axe (chop)
rCold    + . .     Gourm    .   P - +2 shield {reflect}
rNeg     . . .     Faith    .   M - +6 swamp dragon scales
rPois    +         Spirit   .   (helmet unavailable)
rElec    +         Reflect  +   p - +0 cloak
rCorr    .         Harm     .   W - +2 pair of gloves {Str+3}
MR       +++..     Clarity  +   Y - +4 pair of boots "Kubozim" {Regen+}
Stlth    ..........             y - amulet of Zonej {Reflect rC+ SH+3}
HPRegen  0.00/turn              J - ring of Olotoehy {Wiz MR+ SInv}
MPRegen  0.17/turn              a - ring of Vaugibb {rElec EV+3 Str+8 Dex-4 Stlth+}

@: berserking, lethally poisoned (-9 -> -13), non-regenerating, diseased,
slowed, studying Slings
A: retaliatory headbutt, horns 3, clarity, deformed body, magic resistance 1
}: 2/15 runes: decaying, serpentine
a: Berserk, Trog's Hand, Brothers in Arms, Renounce Religion


You were on level 1 of the Tomb of the Ancients.
You worshipped Trog.
Trog was exalted by your worship.
You were not hungry.

You visited 9 branches of the dungeon, and saw 41 of its levels.
You visited the Abyss 1 time.
You visited 1 bazaar.

You collected 6126 gold pieces.
You spent 1703 gold pieces at shops.

Inventory:

Hand Weapons
 A - the +7 battleaxe of Popi Udo {chop, Int+4, unknown}
   (You found it on level 3 of the Crypt)

   It inflicts extra damage upon your enemies.
   It affects your intelligence (+4).
 K - a +2 war axe of chopping (weapon)
Missiles
 z - 2 throwing nets (quivered)
Armour
 p - a +0 cloak (worn)
 s - +0 fire dragon scales
 B - a +0 buckler of poison resistance
 D - quicksilver dragon scales
 M - +6 swamp dragon scales (worn)
 P - a +2 shield of reflection (worn)
 W - a +2 pair of gloves of strength (worn)
 Y - the +4 pair of boots "Kubozim" (worn) {Regen+}
   (You found it on level 4 of the Lair of Beasts)

   It increases your rate of regeneration.
Jewellery
 a - the ring of Vaugibb (right hand) {rElec EV+3 Str+8 Dex-4 Stlth+}
   (You acquired it on level 2 of the Lair of Beasts)

   [ring of evasion]

   It affects your evasion (+3).
   It affects your strength (+8).
   It affects your dexterity (-4).
   It insulates you from electricity.
   It makes you more stealthy.
 m - an uncursed ring of protection from magic
 w - an uncursed ring of flight
 x - a +3 ring of dexterity
 y - the amulet of Zonej (around neck) {Reflect rC+ SH+3}
   (You bought it in a shop on level 1 of the Elven Halls)

   [amulet of reflection]

   It shields you and reflects attacks.
   It protects you from cold.
   It affects your SH (+3).
 G - the ring of Gin and Tonic {rN+ MP+9 Slay+3}
   (You found it on level 3 of the Crypt)

   [ring of positive energy]

   It affects your accuracy and damage with ranged weapons and melee attacks
   (+3).
   It protects you from negative energy.
   It affects your magic capacity (+9).
 I - the ring of Jealousy {rF+ rN+ Int+6}
   (You found it on level 3 of the Crypt)

   [ring of positive energy]

   It affects your intelligence (+6).
   It protects you from fire.
   It protects you from negative energy.
 J - the ring of Olotoehy (left hand) {Wiz MR+ SInv}
   (You found it on level 2 of the Lair of Beasts)

   [ring of wizardry]

   It improves your spell success rate.
   It affects your resistance to hostile enchantments.
   It lets you see invisible.
 S - the ring "Danig" {rN+ Str+3 Slay+3}
   (You found it on level 3 of the Crypt)

   [ring of positive energy]

   It affects your strength (+3).
   It affects your accuracy and damage with ranged weapons and melee attacks
   (+3).
   It protects you from negative energy.
Wands
 u - a wand of disintegration (27)
 C - a wand of digging (11)
 F - a wand of polymorph (46)
Scrolls
 b - 4 scrolls of fear
 g - 27 scrolls of remove curse
 i - 9 scrolls of identify
 k - 7 scrolls of magic mapping
 o - 4 scrolls of holy word
 r - 4 scrolls of enchant weapon
 N - 7 scrolls of teleportation
 O - 4 scrolls of silence
 T - 4 scrolls of acquirement
 V - 9 scrolls of fog
 Z - 4 scrolls of brand weapon
Potions
 d - a potion of experience
 f - 12 potions of curing
 h - 2 potions of ambrosia
 j - 4 potions of invisibility
 n - a potion of cancellation
 q - 3 potions of magic
 v - 8 potions of flight
 E - a potion of resistance
 H - 7 potions of agility
 L - 2 potions of brilliance
 Q - 5 potions of might
 R - 5 potions of haste
Books
 l - a manual of Slings
Comestibles
 c - 31 rations


   Skills:
 + Level 21.6 Fighting
 - Level 21.4 Axes
 + Level 21.5 Armour
 + Level 20.0 Dodging
 - Level 18.1 Shields


You had 21 spell levels left.
You didn't know any spells.
Your spell library was empty.

Dungeon Overview and Level Annotations

Branches:
Dungeon (15/15)            Temple (0/1) D:4            Lair (6/6) D:11
  Swamp (4/4) Lair:3        Snake (4/4) Lair:2        Slime (0/5) Lair:5
    Orc (2/2) D:12            Elf (3/3) Orc:2        Vaults (3/5) D:13
  Crypt (3/3) Vaults:3       Tomb (1/3) Crypt:3      Depths (0/5) D:15

Altars:
Ashenzari
Dithmenos
Hepliaklqana
Kikubaaqudgha
Makhleb
Okawaru
Qazlal
Ru
Sif Muna
Trog
Vehumet
Xom
Zin
Beogh

Shops:
D:10 ([(!(   Orc:2 *(*?   Elf:1 =   Elf:3 (?   Snake:3 :([*   Vaults:1 [
Vaults:2 ((

Portals:
Trove: Elf:3 (give +4 fire dragon scales)


Innate Abilities, Weirdness & Mutations

You reflexively headbutt those who attack you in melee.
You have a pair of large horns on your head.
You possess an exceptional clarity of mind.
Armour fits poorly on your strangely shaped body.
You are resistant to hostile enchantments. (MR+)


Message History

You slice the flying skull!!
You feel the power of Trog in you as your rage grows.
You destroy the flying skull!
Your cyclops hits the ice devil!!
The ice devil dies!
You block the mummy priest's attack.
You are too injured to fight recklessly!
You slash the mummy priest!
You destroy the mummy priest!
Trog accepts your kill.
You feel extremely nervous for a moment...
Pain shoots through your body!
* * * LOW HITPOINT WARNING * * *
You closely miss the ice devil.
You feel sick. You block the ice devil's attack.
Your cyclops hits the mummy priest! You barely miss the mummy priest.
The mummy priest is lightly damaged.
You hit the ice devil but do no damage. You block the ice devil's attack.
Your cyclops hits the mummy priest!!! The mummy priest hits you!
You die...

.................................
.................................
.................................
.................................
.................................
.................................
...[......................⌠.⌠....
................4M4..............
................@.C..............
.................................
...........).............8...8...
.................................
......##################.......##
......# #.8...8.# ......#
#.......# ......# #.......#
......# #.8...8.#


You could see a mummy priest, an ice devil, a red devil and a friendly cyclops
(berserk).

Vanquished Creatures
  An ancient lich (Crypt:3)
  Saint Roka (Snake:2)
  2 bone dragons
  2 liches (Crypt:3)
  A tentacled monstrosity (Vaults:2)
  3 deep elf blademasters (Elf:3)
  A deep elf master archer (Elf:3)
  7 sphinxes (Tomb:1)
  A tentacled starspawn (Abyss:3)
  5 ancient champions
  Gastronok (Orc:1)
  4 thorn hunters
  Roxanne (Snake:1)
  13 nagarajas
  Donald (Elf:2)
  2 revenants (Crypt:1)
  3 vault wardens
  8 deep elf sorcerers
  2 orc warlords
  Louise (Elf:2)
  A deep elf elementalist (Elf:3)
  7 ghouls (Crypt:2)
  4 war gargoyles (Crypt:3)
  5 ironheart preservers
  2 stone giants
  4 deep elf demonologists
  4 vampire knights
  8 deep elf annihilators
  4 dire elephants (Lair:6)
  4 deep elf death magi
  3 crystal guardians (Crypt:3)
  2 eidola
  Snorg (D:13)
  2 ettins (Orc:2)
  3 yaktaur captains (Vaults:2)
  A fire dragon (Vaults:2)
  3 mummy priests (Tomb:1)
  3 deep elf high priests (Elf:2)
  7 vault guards
  Erolcha (D:13)
  2 rakshasas (Vaults:2)
  A quicksilver dragon skeleton (Crypt:1)
  11 naga warriors
  5 ghost crabs
  An ice dragon (Vaults:2)
  17 anacondas
  18 hydras
  2 death knights
  4 shambling mangroves
  2 ogre magi (Orc:2)
  12 alligators
  4 centaur warriors
  35 dancing weapons
  7 two-headed ogres (Orc:2)
  8 shock serpents
  3 vampire magi
  3 titan zombies
  11 naga sharpshooters
  Sonja (Lair:1)
  3 orc high priests
  22 deep elf knights
  Nergalle (Lair:4)
  26 skeletal warriors
  2 wretched stars (Abyss:3)
  A spriggan (Swamp:2)
  3 titan skeletons
  4 unseen horrors
  6 hell knights (Crypt:3)
  A storm dragon skeleton (Tomb:1)
  The ghost of RichardCranium the Spear-Bearer, a novice MfWn (D:6)
  A shadow wraith (Crypt:2)
  2 large abominations
  A spatial maelstrom (Abyss:3)
  11 sea snakes
  3 spriggan druids (Swamp:2)
  5 naga ritualists
  A flayed ghost (Vaults:1)
  11 swamp dragons
  11 deep elf archers
  7 deep trolls
  4 orc knights
  An anaconda skeleton (Tomb:1)
  2 phantasmal warriors (Crypt:1)
  4 harpies (Vaults:1)
  4 wizards
  A shadow dragon zombie (Crypt:3)
  6 ironbrand convokers
  12 necromancers
  6 mana vipers
  16 ugly things
  A tengu zombie (Vaults:1)
  A manticore (D:15)
  A golden dragon skeleton (Crypt:2)
  A wolf spider (Vaults:2)
  6 orc sorcerers
  64 deep elf magi
  An iron dragon zombie (Tomb:1)
  A frost giant zombie (Crypt:2)
  A human zombie (Vaults:1)
  A cyclops (shapeshifter) (Elf:2)
  A centaur zombie (D:10)
  A worldbinder (Abyss:3)
  11 cyclopes
  5 salamanders
  4 fire giant zombies
  7 guardian serpents
  A stone giant skeleton (Crypt:1)
  20 naga magi
  44 black mambas
  Joseph (D:7)
  4 apocalypse crabs (Swamp:2)
  7 vault sentinels
  Psyche (D:8)
  14 elephants
  An ice statue (Lair:2)
  A fire giant skeleton (Crypt:3)
  17 spiny frogs
  A spiny frog (shapeshifter) (Vaults:1)
  3 centaur skeletons
  2 gargoyles
  A grey draconian zombie (Crypt:2)
  A yaktaur zombie (Vaults:1)
  A black draconian zombie (Crypt:2)
  23 yaktaurs
  A kobold demonologist (D:13)
  A rime drake (Lair:4)
  9 komodo dragons
  A ghost moth simulacrum (Crypt:1)
  6 freezing wraiths
  An ice devil (Lair:2)
  An efreet (D:13)
  6 guardian mummies (Tomb:1)
  A queen bee (shapeshifter) (Elf:1)
  2 hydra zombies
  Prince Ribbit (D:5)
  15 trolls
  A polar bear (Lair:2)
  8 tyrant leeches
  2 harpy skeletons
  14 hornets
  A hydra skeleton (Crypt:2)
  14 blink frogs
  A hippogriff (shapeshifter) (Elf:3)
  21 slime creatures
  8 bog bodies
  An ice dragon zombie (Crypt:3)
  A fire dragon zombie (Crypt:3)
  A meliai zombie (D:13)
  An ettin zombie (Crypt:2)
  8 hippogriffs
  A hornet (shapeshifter) (D:15)
  A raiju (Abyss:3)
  2 frost giant simulacra (Vaults:1)
  32 flying skulls
  6 shadows
  Sigmund (D:5)
  3 wraiths
  2 ice dragon skeletons (Crypt:2)
  A centaur simulacrum (D:14)
  A spriggan (shapeshifter) (Elf:1)
  3 ushabtiu (Tomb:1)
  3 air elementals
  2 fire elementals
  2 ettin skeletons
  A water elemental (Elf:1)
  6 wyverns
  3 basilisks
  2 fire dragon skeletons
  20 humans
  31 yaks
  7 fire bats
  Eustachio (D:5)
  43 vampire mosquitoes
  4 hogs (D:8)
  A neqoxec (Abyss:3)
  A hungry ghost (D:8)
  2 human simulacra (Vaults:1)
  8 swamp worms
  6 wargs
  An ogre zombie (Vaults:1)
  A deep troll zombie (Vaults:1)
  3 insubstantial wisps (Swamp:4)
  64 nagas
  2 acid dragons
  6 porcupines
  23 water moccasins
  A torturous demonspawn skeleton (Crypt:1)
  38 orc warriors
  15 swamp drakes
  An ogre skeleton (Vaults:1)
  4 sky beasts
  A blink frog zombie (Crypt:1)
  4 black bears
  2 eyes of draining
  7 ice beasts
  An eye of draining (shapeshifter) (Vaults:1)
  3 phantoms
  A starcursed mass (Abyss:3)
  6 necrophages
  An orc zombie (Vaults:1)
  34 ogres
  15 centaurs
  A snapping turtle skeleton (Crypt:3)
  A torpor snail zombie (Crypt:2)
  14 crocodiles
  A draconian zombie (Crypt:1)
  29 bullfrogs
  2 big kobolds
  Blork the orc (D:5)
  A small abomination (Abyss:3)
  A wyvern zombie (D:10)
  3 earth elementals
  An elf skeleton (Tomb:1)
  2 human skeletons (Vaults:1)
  2 scorpions
  A shapeshifter zombie (Crypt:2)
  10 wights
  6 killer bees
  An electric eel (Lair:1)
  A howler monkey (D:4)
  4 crimson imps
  A quasit (Abyss:3)
  A bullfrog zombie (D:6)
  4 hounds
  21 orc priests
  5 jellies
  Crazy Yiuf (D:5)
  19 orc wizards
  A bullfrog skeleton (D:11)
  5 hell rats (Lair:4)
  3 iguanas
  7 worker ants
  A porcupine skeleton (Crypt:1)
  An acid dragon zombie (Crypt:1)
  A killer bee zombie (D:8)
  2 hound zombies
  A naga skeleton (Crypt:2)
  Robin (D:3)
  5 mummies (Tomb:1)
  11 gnolls
  A howler monkey skeleton (D:4)
  19 adders
  6 shadow imps
  6 white imps
  An ooze (D:2)
  2 adder skeletons
  5 worms
  3 dart slugs
  2 leopard geckos
  81 orcs
  8 ball pythons
  A bat skeleton (Crypt:2)
  9 giant cockroaches
  13 goblins
  9 hobgoblins
  20 jackals
  25 kobolds
  10 quokkas
  8 bats
  7 frilled lizards
  A hobgoblin skeleton (Crypt:1)
  A jackal skeleton (D:7)
  A kobold simulacrum (Crypt:2)
  A kobold skeleton (Crypt:2)
  2 leopard gecko skeletons
  An orc skeleton (Crypt:1)
  6 rats
  3 briar patches (Swamp:4)
  3 crawling corpses (Elf:2)
  8 fungi
  A lurking horror (Abyss:3)
  6 plants
1705 creatures vanquished.

Vanquished Creatures (collateral kills)
  The ghost of Ciwiv the Executioner, a veteran FoFi of Dithmenos (Crypt:2)
  Nikola (Swamp:1)
  A deep elf master archer (Elf:3)
  A deep elf blademaster (Elf:3)
  The ghost of Tonoqi the Minotaur Blade, an adept MiBe of Trog (Snake:2)
  A deep elf elementalist (Elf:3)
  2 deep elf annihilators
  An eidolon (Crypt:2)
  2 deep elf death magi
  A mummy priest (Tomb:1)
  A jiangshi (Crypt:2)
  A deep elf high priest (Elf:3)
  A hydra (Swamp:3)
  A centaur warrior (D:14)
  A dancing weapon (Elf:2)
  A naga sharpshooter (Snake:3)
  A shock serpent (Snake:3)
  A swamp dragon (Swamp:4)
  A naga ritualist (Snake:3)
  2 deep elf archers (Elf:2)
  An iron dragon zombie (Crypt:2)
  A mana viper (Snake:3)
  A deep elf mage (Elf:2)
  An oklob plant (Lair:1)
  A naga mage (Snake:2)
  A black mamba (Snake:3)
  A rust devil (Abyss:3)
  An apocalypse crab (Abyss:3)
  A smoke demon (Abyss:3)
  A tormentor (Abyss:3)
  A tyrant leech (Swamp:3)
  A bog body (Swamp:1)
  A large abomination (Abyss:3)
  A water elemental (Elf:2)
  3 starcursed masses (Abyss:3)
  An air elemental (Elf:2)
  A wraith (D:14)
  A fire elemental (Elf:2)
  2 neqoxecs (Abyss:3)
  3 insubstantial wisps (Abyss:3)
  2 nagas (Snake:3)
  A snapping turtle zombie (Crypt:2)
  An ogre (Snake:2)
  An iron imp (Abyss:3)
  8 jellies (Lair:1)
  14 oozes (Lair:1)
75 creatures vanquished.

Vanquished Creatures (others)
  A deep elf blademaster (Elf:3)
  A deep elf master archer (Elf:3)
  A deep elf death mage (Crypt:2)
  A fire dragon (D:15)
  An ice dragon (D:15)
  A hydra (Swamp:4)
  A two-headed ogre (D:13)
  2 deep elf archers
  A harpy (Vaults:1)
  A cyclops (Vaults:2)
  A guardian serpent (Snake:4)
  2 centaur skeletons
  2 freezing wraiths
  2 yaktaurs
  A tengu conjurer (D:13)
  A troll (D:15)
  3 slime creatures (Swamp:1)
  A bog body (Swamp:1)
  A wraith (D:15)
  2 nagas
  An orc warrior (Elf:2)
  An eye of draining (D:15)
  A centaur (Vaults:1)
  An orc wizard (Elf:2)
  2 orcs (Elf:2)
  6 briar patches
  13 fungi
  3 plants
  2 starspawn tentacles (Abyss:3)
57 creatures vanquished.

Grand Total: 1837 creatures vanquished

Notes
Turn   | Place    | Note
-------+----------+-------------------------------------------
     0 | D:1      | kiwi3s the Minotaur Berserker began the quest for the Orb.
     0 | D:1      | Reached XP level 1. HP: 19/19 MP: 0/0
   134 | D:1      | Reached XP level 2. HP: 21/27 MP: 1/1
   452 | D:1      | Reached ** piety under Trog
   485 | D:1      | Reached XP level 3. HP: 33/33 MP: 2/2
   635 | D:1      | Found a shimmering altar of Xom.
  1315 | D:2      | Reached XP level 4. HP: 34/40 MP: 3/3
  1533 | D:2      | Reached *** piety under Trog
  1821 | D:3      | Reached skill level 5 in Axes
  1821 | D:3      | Reached XP level 5. HP: 34/47 MP: 4/4
  2033 | D:3      | Noticed Robin
  2050 | D:3      | Killed Robin
  2254 | D:3      | HP: 2/70 [gnoll/+0 halberd (13)]
  2255 | D:3      | Reached XP level 6. HP: 2/55 MP: 5/5
  2391 | D:3      | Found a shattered altar of Ashenzari.
  2574 | D:3      | You fall through a shaft!
  2575 | D:4      | Noticed an ice beast
  2581 | D:4      | Killed an ice beast
  2581 | D:4      | Reached skill level 5 in Fighting
  2656 | D:4      | Found a staircase to the Ecumenical Temple.
  3042 | D:4      | Reached XP level 7. HP: 37/61 MP: 6/6
  3366 | D:4      | Found an iron altar of Okawaru.
  3392 | D:4      | Reached **** piety under Trog
  3465 | D:4      | Reached skill level 5 in Armour
  3861 | D:5      | Entered Level 5 of the Dungeon
  3882 | D:5      | Noticed Prince Ribbit
  3890 | D:5      | Killed Prince Ribbit
  3890 | D:5      | Reached skill level 5 in Dodging
  3890 | D:5      | Reached XP level 8. HP: 19/70 MP: 7/7
  4083 | D:5      | Noticed Blork the orc
  4086 | D:5      | Noticed Eustachio
  4113 | D:5      | Killed Blork the orc
  4120 | D:5      | Killed Eustachio
  4368 | D:5      | Noticed Sigmund
  4413 | D:5      | Killed Sigmund
  4612 | D:5      | Found a burning altar of Makhleb.
  4713 | D:5      | Upgraded the game from 0.23-a0-612-gcb482e9 to
                  | 0.23-a0-629-gae4348f
  4929 | D:5      | Found a runed door.
  4979 | D:5      | Noticed Crazy Yiuf
  4986 | D:5      | Killed Crazy Yiuf
  5053 | D:5      | Gained mutation: You possess an exceptional clarity of
                  | mind. [potion of mutation]
  5053 | D:5      | Gained mutation: You have a pair of large horns on your
                  | head. [potion of mutation]
  5053 | D:5      | Gained mutation: You are agile. (Dex +2) [potion of
                  | mutation]
  5146 | D:6      | Reached XP level 9. HP: 77/79 MP: 8/8
  5297 | D:6      | Found a runed door.
  5313 | D:6      | Found a deep blue altar of Sif Muna.
  5595 | D:6      | Reached skill level 10 in Axes
  5678 | D:6      | Noticed a cyclops
  5683 | D:6      | Noticed RichardCranium's ghost (novice MfWn)
  5693 | D:6      | Killed RichardCranium's ghost
  5696 | D:6      | Killed a cyclops
  5704 | D:6      | Got a brightly glowing copper ring
  5708 | D:6      | Identified the ring of Utiho {-Tele rElec rF+++ rN+ Int+4}
                  | (You found it on level 6 of the Dungeon)
  5790 | D:7      | Found a hazy altar of Hepliaklqana.
  5941 | D:7      | Found a glowing silver altar of Zin.
  5948 | D:7      | Reached ***** piety under Trog
  5989 | D:7      | Found a bloodstained altar of Trog.
  6121 | D:7      | Found a sacrificial altar of Ru.
  6274 | D:7      | Noticed Joseph
  6363 | D:7      | Reached XP level 10. HP: 90/90 MP: 9/9
  6424 | D:7      | Killed Joseph
  6660 | D:8      | Noticed Psyche
  6668 | D:8      | Paralysed by Psyche for 2 turns
  6673 | D:8      | Killed Psyche
  6893 | D:8      | Received a gift from Trog
  7839 | D:9      | Found a radiant altar of Vehumet.
  8036 | D:9      | Found a shadowy altar of Dithmenos.
  8132 | D:10     | Entered Level 10 of the Dungeon
  8168 | D:10     | Found Duocs's Armour Shop.
  8193 | D:10     | Found Tuask's Weapon Shop.
  8260 | D:10     | Reached skill level 10 in Fighting
  8260 | D:10     | Reached XP level 11. HP: 95/99 MP: 10/10
  8280 | D:10     | Found Ipnogge's Weapon Shoppe.
  8358 | D:10     | Found Bofuituu's Distillery.
  8367 | D:10     | Bought a potion of might for 60 gold pieces
  8367 | D:10     | Bought a potion of heal wounds for 75 gold pieces
  8367 | D:10     | Bought a potion of haste for 150 gold pieces
  8537 | D:10     | Found Kehaucuv's Weapon Emporium.
  8724 | D:11     | Reached skill level 10 in Armour
  9189 | D:11     | Found a staircase to the Lair.
  9193 | D:11     | Noticed a cyan ugly thing
  9229 | D:11     | Killed a cyan ugly thing
  9560 | D:11     | Noticed a red ugly thing
  9573 | D:11     | Killed a red ugly thing
  9813 | D:12     | Noticed a seven-headed hydra
  9819 | D:12     | Killed a 12-headed hydra
  9827 | D:12     | Received a gift from Trog
  9833 | D:12     | Reached skill level 10 in Dodging
 10038 | D:12     | Killed an unseen horror
 10188 | D:12     | Noticed a deep elf mage
 10195 | D:12     | Killed a deep elf mage
 10195 | D:12     | Reached XP level 12. HP: 110/110 MP: 11/11
 10231 | D:12     | Found a staircase to the Orcish Mines.
 10352 | D:13     | Killed a two-headed ogre
 10454 | D:13     | Found a gateway to a bazaar.
 10463 | Bazaar   | Entered a bazaar
 10497 | Bazaar   | Found Qunauq's Weapon Boutique.
 10497 | Bazaar   | Found Xemih's Magic Scroll Shop.
 10524 | Bazaar   | Found Veuz's Jewellery Shop.
 10524 | Bazaar   | Found Baraisch's Food Boutique.
 10544 | Bazaar   | Bought a +3 ring of dexterity for 282 gold pieces
 10866 | D:13     | Noticed Snorg
 10880 | D:13     | Killed Snorg
 10978 | D:13     | Noticed Erolcha
 10989 | D:13     | Killed Erolcha
 11091 | D:13     | Found a gate to the Vaults.
 11091 | D:13     | Noticed a vault guard
 11091 | D:13     | Noticed a vault guard
 11101 | D:13     | Received a gift from Trog
 11105 | D:13     | Killed a vault guard
 11112 | D:13     | Killed a vault guard
 11312 | D:14     | Reached XP level 13. HP: 119/119 MP: 12/12
 11368 | D:14     | Reached skill level 15 in Axes
 12135 | D:15     | Entered Level 15 of the Dungeon
 12305 | D:15     | Found a stormy altar of Qazlal.
 13206 | D:15     | Noticed a fire dragon
 13209 | D:15     | Banished a fire dragon
 13211 | D:15     | Found a staircase to the Depths.
 13773 | Lair:1   | Entered Level 1 of the Lair of Beasts
 13791 | Lair:1   | Received a gift from Trog
 14367 | Lair:1   | Noticed Sonja
 14375 | Lair:1   | Killed Sonja
 14979 | Lair:2   | Reached XP level 14. HP: 97/132 MP: 13/13
 15015 | Lair:2   | Got a wavering silver ring
 15377 | Lair:2   | Found a staircase to the Snake Pit.
 15544 | Lair:3   | Found a staircase to the Swamp.
 15749 | Lair:3   | Identified the ring of Olotoehy {Wiz MR+ SInv} (You found
                  | it on level 2 of the Lair of Beasts)
 16328 | Lair:3   | Received a gift from Trog
 16693 | Lair:4   | Got a pair of spiked boots
 16694 | Lair:4   | Identified the +4 pair of boots "Kubozim" {Regen+} (You
                  | found it on level 4 of the Lair of Beasts)
 17014 | Lair:4   | Noticed Nergalle
 17022 | Lair:4   | Killed Nergalle
 17384 | Lair:5   | Received a gift from Trog
 17418 | Lair:5   | Found a staircase to the Slime Pits.
 17459 | Lair:5   | You fall through a shaft!
 17459 | Lair:6   | Entered Level 6 of the Lair of Beasts
 17777 | Lair:6   | Reached skill level 15 in Fighting
 18769 | Lair:6   | Reached skill level 15 in Armour
 19257 | Lair:5   | Reached XP level 15. HP: 141/141 MP: 14/14
 19849 | Swamp:1  | Entered Level 1 of the Swamp
 19856 | Swamp:1  | Noticed Nikola
 20183 | Swamp:1  | Killed Nikola
 20909 | Swamp:1  | Got a faintly glowing lead ring
 21120 | Swamp:1  | Noticed a thorn hunter
 21140 | Swamp:1  | Killed a thorn hunter
 21194 | Swamp:1  | Identified the ring of Piudi {rPois rC+ Slay+2} (You found
                  | it on level 1 of the Swamp)
 21506 | Swamp:2  | Paralysed by a hornet for 3 turns
 21633 | Swamp:2  | Found a runed door.
 21919 | Swamp:2  | Paralysed by a hornet for 3 turns
 21981 | Swamp:2  | Got a jewelled shortbow
 22151 | Swamp:2  | Received a gift from Trog
 22508 | Swamp:2  | Reached skill level 15 in Dodging
 22859 | Swamp:2  | Reached XP level 16. HP: 152/152 MP: 15/15
 23245 | Swamp:3  | Reached XP level 17. HP: 159/159 MP: 16/16
 23456 | Swamp:4  | Entered Level 4 of the Swamp
 24037 | Swamp:4  | Reached skill level 10 in Shields
 24557 | Swamp:4  | Received a gift from Trog
 24694 | Swamp:4  | Got a decaying rune of Zot
 24908 | Snake:1  | Entered Level 1 of the Snake Pit
 24927 | Snake:1  | Identified the +8 shortbow of Vapoliho {velocity, *Contam
                  | rElec Dex+5} (You found it on level 2 of the Swamp)
 24928 | Snake:1  | Identified a scroll of acquirement
 25078 | Snake:1  | You fall through a shaft!
 25094 | Snake:2  | Found a transporter.
 25396 | Snake:2  | Noticed Tonoqi's ghost (adept MiBe)
 25397 | Snake:2  | Found a transporter.
 25444 | Snake:2  | Noticed Saint Roka
 25493 | Snake:2  | Killed Saint Roka
 25889 | Snake:2  | Received a gift from Trog
 26487 | Snake:3  | Found Cymeukku's Armour Shoppe.
 26487 | Snake:3  | Found Awaonyp's Weapon Emporium.
 26488 | Snake:3  | Found Pitso's General Store.
 26490 | Snake:3  | Found Ryschylid's Book Emporium.
 26696 | Snake:3  | Bought a +1 pair of boots of flying for 247 gold pieces
 26951 | Snake:3  | Reached XP level 18. HP: 159/169 MP: 17/17
 27355 | Snake:4  | Entered Level 4 of the Snake Pit
 27711 | Snake:4  | Received a gift from Trog
 28165 | Snake:4  | Found a runed gate.
 28165 | Snake:4  | Found a runed gate.
 28165 | Snake:4  | Found a runed gate.
 28615 | Snake:4  | Reached ****** piety under Trog
 28642 | Snake:4  | Received a gift from Trog
 28711 | Snake:4  | Got a serpentine rune of Zot
 29237 | Snake:1  | Identified Roxanne's Reference Book on the Rocks
 29237 | Snake:1  | Noticed Roxanne
 29259 | Snake:1  | Killed Roxanne
 29706 | Snake:2  | Reached XP level 19. HP: 160/180 MP: 18/18
 29742 | Snake:2  | Killed Tonoqi's ghost
 29913 | Lair:2   | Got a scintillating turquoise ring
 29914 | Lair:2   | Identified the ring of Vaugibb {rElec EV+3 Str+8 Dex-4
                  | Stlth+} (You acquired it on level 2 of the Lair of Beasts)
 30022 | Orc:1    | Entered Level 1 of the Orcish Mines
 30051 | Orc:1    | Received a gift from Trog
 30052 | Orc:1    | Paralysed by an orc sorcerer for 7 turns
 30212 | Orc:1    | Noticed Gastronok
 30226 | Orc:1    | Killed Gastronok
 30242 | Orc:1    | Found a roughly hewn altar of Beogh.
 30445 | Orc:2    | Entered Level 2 of the Orcish Mines
 30445 | Orc:2    | Found Iczuolun's Weapon Shop.
 30469 | Orc:2    | Received a gift from Trog
 30491 | Orc:2    | Found Pathraano's Magic Scroll Boutique.
 30491 | Orc:2    | Found Wenitiat's Assorted Antiques.
 30500 | Orc:2    | Found Aghexar's Assorted Antiques.
 30573 | Orc:2    | Got a bloodstained battleaxe {god gift}
 30588 | Orc:2    | Bought a scroll of teleportation for 84 gold pieces
 30601 | Orc:2    | Bought a warped marble ring for 115 gold pieces
 30606 | Orc:2    | Bought a scroll of blinking for 105 gold pieces
 30839 | Orc:2    | Found a staircase to the Elven Halls.
 31089 | Elf:1    | Entered Level 1 of the Elven Halls
 31312 | Elf:1    | Received a gift from Trog
 31441 | Elf:1    | Found Ziqoibrao's Jewellery Shop.
 31447 | Elf:1    | Bought the amulet of Zonej {Reflect rC+ SH+3} for 297 gold
                  | pieces
 31549 | Elf:1    | Noticed a Brimstone Fiend
 32103 | Elf:2    | Found a runed gate.
 32103 | Elf:2    | Found a runed gate.
 32103 | Elf:2    | Found a runed gate.
 32279 | Elf:2    | Found a huge runed gate.
 32279 | Elf:2    | Found a huge runed gate.
 32279 | Elf:2    | Found a huge runed gate.
 32279 | Elf:2    | Found a huge runed gate.
 32279 | Elf:2    | Found a huge runed gate.
 32279 | Elf:2    | Found a huge runed gate.
 32282 | Elf:2    | Found a huge runed gate.
 32283 | Elf:2    | Found a huge runed gate.
 32344 | Elf:2    | Noticed Louise
 32354 | Elf:2    | Received a gift from Trog
 32371 | Elf:2    | Killed Louise
 32475 | Elf:2    | Found a huge runed gate.
 32507 | Elf:2    | Found a huge runed gate.
 32507 | Elf:2    | Found a huge runed gate.
 32522 | Elf:2    | Found a huge runed gate.
 32528 | Elf:2    | Identified the +7 battleaxe of the Hawk {freeze, rC+} (Trog
                  | gifted it to you on level 2 of the Orcish Mines)
 32529 | Elf:2    | Identified the cursed ring of Xom's Sleight of Hands {rF++
                  | rC++ EV-2 Int-3} (You bought it in a shop on level 2 of the
                  | Orcish Mines)
 32534 | Elf:2    | Found a huge runed gate.
 32535 | Elf:2    | Found a huge runed gate.
 32536 | Elf:2    | Found a huge runed gate.
 32537 | Elf:2    | Found a huge runed gate.
 32538 | Elf:2    | Found a huge runed gate.
 32587 | Elf:2    | Found a huge runed gate.
 32587 | Elf:2    | Found a huge runed gate.
 32587 | Elf:2    | Found a huge runed gate.
 32587 | Elf:2    | Found a huge runed gate.
 32587 | Elf:2    | Found a huge runed gate.
 32587 | Elf:2    | Found a huge runed gate.
 32587 | Elf:2    | Found a huge runed gate.
 32588 | Elf:2    | Found a huge runed gate.
 32589 | Elf:2    | Found a huge runed gate.
 32590 | Elf:2    | Found a huge runed gate.
 33069 | Elf:2    | Received a gift from Trog
 33125 | Elf:2    | Reached XP level 20. HP: 191/191 MP: 19/19
 33167 | Elf:2    | Noticed Donald
 33193 | Elf:2    | Killed Donald
 33433 | Elf:3    | Entered Level 3 of the Elven Halls
 33449 | Elf:3    | Found a radiant altar of Vehumet.
 33492 | Elf:3    | Found a portal to a secret trove of treasure.
 34143 | Elf:3    | Cast into level 2 of the Abyss (a deep elf sorcerer)
 34343 | Abyss:3  | Gained mutation: You are resistant to hostile enchantments.
                  | (MR+) [a neqoxec]
 34348 | Abyss:3  | Received a gift from Trog
 34364 | Abyss:3  | Gained mutation: Armour fits poorly on your strangely
                  | shaped body. [a neqoxec]
 34384 | Abyss:3  | Lost mutation: You are agile. (Dex +2) [a neqoxec]
 34592 | Elf:3    | Escaped the Abyss
 34792 | Elf:3    | Identified the +5 flail of Wyrd {protect, Dex+2}
 35382 | Elf:3    | Identified the +5 quarterstaff of Wyrd {crush, +Fly rC+}
 35673 | Elf:3    | Found Masygg's Magic Scroll Emporium.
 35710 | Elf:3    | Bought a scroll of teleportation for 48 gold pieces
 35710 | Elf:3    | Bought 2 scrolls of enchant armour for 240 gold pieces
 35727 | Elf:3    | Found a deep blue altar of Sif Muna.
 35772 | Elf:3    | Found Muvar's Weapon Emporium.
 36420 | Vaults:1 | Entered Level 1 of the Vaults
 36748 | Vaults:1 | Received a gift from Trog
 37079 | Vaults:1 | Reached XP level 21. HP: 196/202 MP: 20/20
 37289 | Vaults:1 | Found Axank's Armour Boutique.
 37596 | Vaults:2 | Received a gift from Trog
 37665 | Vaults:2 | Reached skill level 15 in Shields
 38081 | Vaults:2 | Received a gift from Trog
 38659 | Vaults:2 | Found Plog's Weapon Emporium.
 38691 | Vaults:2 | Found Isybb's Antique Weapon Emporium.
 38781 | Vaults:3 | Found a staircase to the Crypt.
 38845 | Crypt:1  | Entered Level 1 of the Crypt
 39269 | Crypt:1  | Received a gift from Trog
 39938 | Crypt:2  | Reached XP level 22. HP: 211/211 MP: 21/21
 40358 | Crypt:2  | Found a large runed door.
 40358 | Crypt:2  | Found a large runed door.
 40361 | Crypt:2  | Noticed Ciwiv's ghost (veteran FoFi)
 40402 | Crypt:2  | Received a gift from Trog
 40705 | Crypt:2  | Killed Ciwiv's ghost
 40864 | Crypt:3  | Entered Level 3 of the Crypt
 41392 | Crypt:3  | Got a clouded iron ring
 41392 | Crypt:3  | Got a pitted wooden ring
 41392 | Crypt:3  | Got a pitted glass ring
 41414 | Crypt:3  | Noticed an ancient lich
 41422 | Crypt:3  | Killed an ancient lich
 41422 | Crypt:3  | Received a gift from Trog
 41500 | Crypt:3  | Identified the ring of Jealousy {rF+ rN+ Int+6} (You found
                  | it on level 3 of the Crypt)
 41501 | Crypt:3  | Identified the ring of Gin and Tonic {rN+ MP+9 Slay+3} (You
                  | found it on level 3 of the Crypt)
 41502 | Crypt:3  | Identified the ring "Danig" {rN+ Str+3 Slay+3} (You found
                  | it on level 3 of the Crypt)
 42216 | Crypt:3  | Found an ancient bone altar of Kikubaaqudgha.
 42256 | Crypt:3  | Found a staircase to the Tomb.
 42257 | Crypt:3  | Found the +8 demon blade "Leech" {vamp, rN+ AC-3 EV-3}
 42262 | Crypt:3  | Got a jewelled battleaxe
 42266 | Tomb:1   | Entered Level 1 of the Tomb of the Ancients
 42900 | Tomb:1   | HP: 8/315 [mummy priest's death curse (17)]
 42901 | Tomb:1   | Mangled by a mummy priest

Vault maps used:
D:1:      tarquinn_simple_flora_water_c, minmay_misc_feat_more_columns,
          moated_statue, xom_teletrap_fun
D:2:      first_ration
D:3:      ashenzari_conservatory_becter, uniq_robin
D:4:      lemuel_crystal_altar, temple_pool_b
D:5:      cheibrodos_sewer_entry_bend, makhleb_blood_cavern_becter,
          uniq_crazy_yiuf_cottage, uniq_prince_ribbit1, uniq_sigmund,
          uniq_eustachio, uniq_blork_the_orc
D:6:      slow_altar_2, ebering_ghost_inner_flame, led_sif_book
D:7:      lemuel_doored_altar, nicolae_ru_great_annihilating_truth,
          lemuel_crystal_altar, david_defended_altar_orc, uniq_joseph
D:8:      minmay_inner_zag, grunt_livestock, grunt_ministairs_8,
          minmay_misc_feat_secret_circle, uniq_psyche
D:9:      nicolae_dithmenos_the_darkroom, vehumet_altar_wand_db,
          serial_bayou_pond_c, minmay_fractal_squares_5
D:10:     serial_shops, nicolae_shop_waterfront, shop,
          nicolae_shop_behind_doors, shop_fountains, kennysheep_little_box
D:11:     due_lair_maze_entry_diamond
D:13:     grunt_vaults_entry_tiered, serial_shops, bzr_firewalk, uniq_erolcha,
          uniq_snorg
D:14:     hangedman_decor_riveting, serial_glass, glass_columns_b,
          glass_columns_a, glass_columns_a, glass_columns_b, glass_columns_a,
          glass_columns_c, glass_columns_c, glass_columns_a
D:15:     grunt_enter_depths_hoard, minmay_misc_feat_x, spider_trap,
          grunt_qazlal_clouds
Lair:1:   lemuel_slime, infiniplex_staircase_pool, uniq_sonja
Lair:2:   minmay_snake_entry_guardpost_medium, minivault_26, ice2_lemuel
Lair:3:   minmay_swamp_entry_swarm
Lair:4:   chequers_serial_rivers_small_a, grunt_megastairs_5, uniq_nergalle
Lair:5:   minmay_slime_entry_pillars, nicolae_volcano_entry_batcave,
          serial_bayou_shore_a
Lair:6:   due_jungle_book
Swamp:1:  evilmike_swamp_ruin_house_6, uniq_nikola
Swamp:2:  gammafunk_mikee_crab_dinner, nicolae_swamp_feature_on_the_river_bank,
          swamp_pool2
Swamp:3:  serial_swamp_ruin, evilmike_swamp_ruin_house_1,
          evilmike_swamp_ruin_house_3, hangedman_swamp_ruin_wall, swamp_pool5
Swamp:4:  swamp_basic_johnstein, swamp_pool3, nicolae_swamp_very_dense_foliage
Snake:1:  serial_bayou_lagoon_a, nicolae_snake_serpentine_hallways,
          lemuel_fruit_tree, uniq_roxanne
Snake:2:  gammafunk_ghost_arena, guppyfry_library_mini, uniq_saint_roka
Snake:3:  spider_trap, grunt_ministairs_13, serial_bayou_pond_d,
          minmay_shoptagon
Snake:4:  grunt_snake_rune_pools, stair_cage_cross, nicolae_snake_horde_hoard
Orc:1:    mines1_david, uniq_josephine, uniq_gastronok
Orc:2:    st_orc_open
Elf:1:    serial_shops, shop, hangedman_elven_crosses_minicolossus
Elf:2:    spider_trap, door_vault, uniq_louise, uniq_donald
Elf:3:    minmay_elf_hall, serial_shops,
          nicolae_shop_temple_entry_statues_fountains, shop, enter_trove_2,
          hangedman_feature_mirror
Vaults:1: hangedman_vaults_restitches, nicolae_vaults_what_the_h,
          nicolae_vaults_shelves_hall, ontoclasm_vaults_misaligned,
          nicolae_vaults_little_squares_2, vaults_room_stairs_pillars,
          nicolae_vaults_little_squares_3, v_alt_pattern_4, v_rooms_3,
          grunt_vaults_hallway_short, serial_shops, nicolae_shop_trees
Vaults:2: v_rooms_2, v_misc_10, grunt_vaults_trifunnel, vaults_room_pool,
          ontoclasm_vaults_ring_square, v_rooms_5, v_misc_13,
          vaults_mumra_chevron, serial_ice_m, ontoclasm_vaults_chip,
          vaults_standard_mumra_enter_the_diamond, vaults_dpeg_hooks,
          serial_shops, nicolae_shop_stone, shop
Vaults:3: hangedman_vaults_trim, minmay_crypt_entry_nasty_monster,
          vaults_mumra_chevron_long, nicolae_vaults_windows_and_doors_thing,
          ontoclasm_vaults_pinch, stair_cage_open,
          nicolae_vaults_big_angled_halls, kb_rosetta, v_pattern_3,
          nicolae_vaults_shelves_hall, v_misc_16, ontoclasm_vaults_idyll,
          vaults_room_pool
Crypt:1:  grunt_crypt_arrival_webbed
Crypt:2:  ebering_ghost_disaster_area
Crypt:3:  cryptofortress_bobbens
Abyss:2:  hangedman_shadowy_showcase
Bazaar:   bazaar_jpeg_honeycomb

Skill      XL: |  1  2  3  4  5  6  7  8  9 10 11 12 13 14 15 16 17 18 19 20 21 22 |
---------------+-------------------------------------------------------------------+-----
Axes           | 4 5 6 7 9 11 12 13 14 15 17 18 19 20 21 | 21.4
Fighting       | 4 5 6 7 8 10 11 12 14 15 16 17 18 19 20 21 | 21.6
Armour         | 3 4 5 6 8 9 11 12 13 15 16 18 19 20 21 | 21.5
Dodging        | 3 4 5 6 7 8 10 11 12 14 15 16 17 18 19 20 | 20.0
Shields        | 6 8 12 13 18 | 18.1

Action                   |  1- 3 |  4- 6 |  7- 9 | 10-12 | 13-15 | 16-18 | 19-21 | 22-24 || total
-------------------------+-------+-------+-------+-------+-------+-------+-------+-------++-------
Melee: Hand axe          |   106 |   118 |   306 |   632 |  1309 |  1289 |  1029 |       ||  4789
       Headbutt          |    10 |    15 |    66 |   207 |   528 |   484 |   546 |   164 ||  2020
       Unarmed           |       |       |     3 |       |       |       |       |       ||     3
       War axe           |       |       |       |       |       |       |   689 |   422 ||  1111
Throw: Throwing net      |       |       |       |       |     3 |       |       |       ||     3
Invok: Berserk           |       |     3 |     5 |     5 |    12 |    10 |     7 |     3 ||    45
       Trog's Hand       |       |     2 |       |       |     5 |       |     1 |     1 ||     9
       Brothers in Arms  |       |       |       |     1 |     6 |     7 |    14 |     3 ||    31
  Use: Scroll            |       |       |     9 |    13 |    16 |     6 |    17 |    10 ||    71
       Potion            |       |       |     9 |     6 |     9 |     4 |     4 |     2 ||    34
 Stab: Invisible         |       |       |       |     7 |       |       |       |       ||     7
       Distracted        |       |       |       |       |     1 |     1 |     4 |       ||     6
       Confused          |       |       |       |       |       |     2 |       |       ||     2
       Sleeping          |       |       |       |       |       |     1 |     6 |       ||     7
  Eat: Chunk             |     1 |     7 |     8 |    16 |    32 |     8 |    13 |       ||    85
       Ration            |       |     1 |     2 |     2 |     7 |    10 |    10 |     3 ||    35
Armor: Animal skin       |    11 |       |       |       |       |       |       |       ||    11
       Leather armour    |    20 |    36 |    23 |       |       |       |       |       ||    79
       Chain mail        |       |       |    58 |   305 |   597 |       |       |       ||   960
       Swamp dragon scal |       |       |       |       |       |   451 |   345 |    93 ||   889
Dodge: Dodged            |    61 |    95 |   151 |   350 |  1015 |  1255 |  1166 |   183 ||  4276
Block: Buckler           |       |       |       |       |       |   501 |   541 |       ||  1042
       Reflection        |       |       |       |       |       |       |    74 |       ||    74
       Shield            |       |       |       |       |       |       |    97 |   349 ||   446
       Other             |       |       |       |       |       |       |     1 |       ||     1

Table legend:
 A = Non-vault XP
 B = Vault XP
 C = Vault XP percentage of total XP
 D = Non-vault monster count
 E = Vault monster count
 F = Vault count percentage of total count
                 A         B        C        D         E       F
            +---------+---------+-------+---------+---------+-------
      Total |  406001 |  344325 |  45.9 |    1209 |     577 |  32.3
            +---------+---------+-------+---------+---------+-------
        D:1 |      51 |       0 |   0.0 |      31 |       0 |   0.0
        D:2 |      87 |       0 |   0.0 |      31 |       0 |   0.0
        D:3 |     259 |      36 |  12.2 |      32 |      11 |  25.6
        D:4 |     686 |       0 |   0.0 |      25 |       0 |   0.0
        D:5 |     481 |     899 |  65.1 |       9 |       7 |  43.8
        D:6 |    1037 |    1253 |  54.7 |      38 |       2 |   5.0
        D:7 |     576 |     620 |  51.8 |      18 |       8 |  30.8
        D:8 |    1162 |    1823 |  61.1 |      20 |      11 |  35.5
        D:9 |     784 |     210 |  21.1 |      16 |       5 |  23.8
       D:10 |    1745 |       0 |   0.0 |      11 |       0 |   0.0
       D:11 |    3833 |    1648 |  30.1 |      31 |      10 |  24.4
       D:12 |    5735 |       0 |   0.0 |      33 |       0 |   0.0
       D:13 |    4770 |    9661 |  66.9 |      16 |      27 |  62.8
       D:14 |   10068 |       0 |   0.0 |      40 |       0 |   0.0
       D:15 |    8444 |    1051 |  11.1 |      29 |       2 |   6.5
     Lair:1 |    2796 |    1314 |  32.0 |      14 |      24 |  63.2
     Lair:2 |    3131 |    2454 |  43.9 |      15 |      17 |  53.1
     Lair:3 |    5016 |     720 |  12.6 |      24 |       4 |  14.3
     Lair:4 |    7931 |     907 |  10.3 |      31 |       2 |   6.1
     Lair:5 |    4296 |    1453 |  25.3 |      11 |       7 |  38.9
     Lair:6 |   14192 |    2850 |  16.7 |      34 |       5 |  12.8
    Swamp:1 |   14123 |    2376 |  14.4 |      33 |       1 |   2.9
    Swamp:2 |   17644 |    7073 |  28.6 |      39 |      11 |  22.0
    Swamp:3 |   11790 |     398 |   3.3 |      39 |       3 |   7.1
    Swamp:4 |    9752 |   14890 |  60.4 |      21 |      22 |  51.2
    Snake:1 |   13078 |    1305 |   9.1 |      26 |       1 |   3.7
    Snake:2 |   16151 |   16710 |  50.9 |      33 |      35 |  51.5
    Snake:3 |   17955 |    1281 |   6.7 |      37 |       2 |   5.1
    Snake:4 |   20116 |   50998 |  71.7 |      37 |      84 |  69.4
      Orc:1 |    4666 |    2120 |  31.2 |      30 |       1 |   3.2
      Orc:2 |    9621 |   15728 |  62.0 |      51 |      37 |  42.0
      Elf:1 |   10486 |   10430 |  49.9 |      25 |      16 |  39.0
      Elf:2 |   26063 |   32779 |  55.7 |      50 |      45 |  47.4
      Elf:3 |   16686 |   35650 |  68.1 |      25 |      27 |  51.9
   Vaults:1 |   36231 |   12320 |  25.4 |      72 |      27 |  27.3
   Vaults:2 |   26457 |   19422 |  42.3 |      36 |      23 |  39.0
   Vaults:3 |     826 |    3861 |  82.4 |       3 |       1 |  25.0
    Crypt:1 |   29410 |       0 |   0.0 |      44 |       0 |   0.0
    Crypt:2 |   32166 |    4303 |  11.8 |      46 |       1 |   2.1
    Crypt:3 |       0 |   65340 | 100.0 |       0 |      81 | 100.0
     Tomb:1 |    6658 |   20442 |  75.4 |      23 |      17 |  42.5
    Abyss:3 |    9042 |       0 |   0.0 |      30 |       0 |   0.0
            +---------+---------+-------+---------+---------+-------
